 Dungeon Crawl Stone Soup version 0.16-a0-3661-g910cf96 (webtiles) character file.

1494 Bloax the Martial Artist (level 8, -4/48 HPs)
             Began as a Tengu Monk on Jan 17, 2015.
             Was a High Priest of Cheibriados.
             Slain by Prince Ribbit (7 damage)
             ... on level 5 of the Dungeon.
             The game lasted 00:09:16 (4433 turns).

Bloax the Martial Artist (Tengu Monk)               Turns: 4433, Time: 00:09:17

Health: -4/48      AC:  9    Str: 25    XL:     8   Next: 81%
Magic:  12/17      EV: 18    Int: 24    God:    Cheibriados [*****.]
Gold:   218        SH:  0    Dex: 28    Spells: 0 memorised, 7 levels left

rFire  . . .     SeeInvis +       - Unarmed
rCold  . . .     Clarity  .     q - +0 scale mail
rNeg   . . .     SustAb   .     (no shield)
rPois  .         Gourm    .     (helmet restricted)
rElec  .         Spirit   .     o - +2 cloak
rCorr  .         Warding  .     (no gloves)
rMut   .         Stasis   .     (boots unavailable)
MR     .....                    (no amulet)
Stlth  +.........               (no ring)
                                d - ring of see invisible

@: drained, very slow, not resistant to hostile enchantments, very unstealthy
A: able to fly, beak, talons 3
a: Fly, Bend Time, Temporal Distortion, Slouch, Step From Time, Renounce
Religion


You were on level 5 of the Dungeon.
You worshipped Cheibriados.
Cheibriados was extremely pleased with you.
You were not hungry.

You visited 1 branch of the dungeon, and saw 5 of its levels.

You collected 218 gold pieces.


Innate Abilities, Weirdness & Mutations

You can fly.
You have a beak for a mouth.
You have claws for feet.


   Skills:
 + Level 4.6 Fighting
 + Level 7.5(7.4) Dodging
 - Level 2.0(1.9) Stealth
 - Level 8.2(8.1) Unarmed Combat
 + Level 4.1(4.0) Invocations


You had 7 spell levels left.
You didn't know any spells.

Dungeon Overview and Level Annotations

Branches:
Dungeon (5/15)
 Temple: D:4-7

Altars:
Cheibriados
Sif Muna
Vehumet
Xom

Annotations:
D:5 Prince Ribbit

Inventory:

Missiles
 e - 8 tomahawks (quivered)
Armour
 o - a +2 cloak (worn)
   (You found it on level 2 of the Dungeon)
 q - a +0 scale mail (worn)
   (You took it off Terence on level 3 of the Dungeon)
Jewellery
 d - a ring of see invisible (left hand)
   (You found it on level 1 of the Dungeon)
Magical devices
 k - a wand of polymorph (1)
   (You took it off Robin on level 3 of the Dungeon)
 l - a wand of random effects (13)
   (You found it on level 4 of the Dungeon)
 r - a wand of confusion (14)
   (You found it on level 4 of the Dungeon)
Scrolls
 g - 2 scrolls of amnesia
 i - 2 scrolls of remove curse
 s - a scroll of blinking {unknown}
 t - a scroll of recharging {unknown}
 u - a scroll of fear
 v - a scroll of enchant weapon {unknown}
 w - a scroll of identify
Potions
 a - 3 potions of brilliance
 c - 2 potions of restore abilities {unknown}
 f - 2 potions of curing
 h - a potion of flight {unknown}
 j - a potion of lignification {unknown}
 m - a potion of agility
 n - a potion of cure mutation {unknown}
 p - 3 potions of magic
Comestibles
 b - 2 bread rations
 x - a chunk of flesh

{@*1} ###
...... .#......
...>..#.#
#...#.#.# #
#.......#
.#.......#####
.....#....@F#
#.##.#.##.###.#
#...........#.#
#.##.#.###..#.#
#.# #..#.# #.#
#..#.#
#.###..#.#
#......#.#
######.#.


You could see Prince Ribbit.


Message History

You kill the iguana!
Cheibriados thoroughly appreciates the change of pace.
You closely miss the bat. You claw the bat.
The bat is heavily wounded.
The bat misses you. The bat misses you. The bat completely misses you.
The bat hits you but does no damage. The bat misses you. The bat misses you.
The bat completely misses you. The bat barely misses you. The bat misses you.
You closely miss the bat. You claw the bat.
The bat is severely wounded.
The bat completely misses you. The bat closely misses you.
You punch the bat!
You kill the bat!
Cheibriados thoroughly appreciates the change of pace.
No target in view!
No target in view!
No target in view!
You see here a bat corpse.
An adder skeleton comes into view.
An adder skeleton is nearby!
An adder skeleton is nearby!
The adder skeleton misses you. The adder skeleton closely misses you.
You barely miss the adder skeleton. You claw the adder skeleton.
You punch the adder skeleton! The adder skeleton misses you.
You hit the adder skeleton.
You destroy the adder skeleton!
Cheibriados thoroughly appreciates the change of pace.
No target in view!
Key pressed, stopping explore.
A giant newt comes into view.
A giant newt is nearby!
The giant newt bites you.
You punch the giant newt!
You kill the giant newt!
Cheibriados appreciates the change of pace.
No target in view!
You see here a giant newt corpse.
You butcher the giant newt corpse.
x - a chunk of flesh {@*1}
Found a stone staircase leading down.
Prince Ribbit comes into view.
Prince Ribbit croaks.
Prince Ribbit blinks!
Prince Ribbit hits you. Prince Ribbit hits you!
Prince Ribbit is nearby!
Unknown command.
Evoke which item? (* to show all) (? for menu, Esc to quit)
Zapping:
r - a wand of confusion (will waste charges)
Aim: Prince Ribbit (chance 28%) Prince Ribbit easily resists.
Evoking this partially-identified wand wasted a few charges.
Prince Ribbit hits you!
* * * LOW HITPOINT WARNING * * *
Unknown command.
Drink which item? (? for menu, Esc to quit)
Okay, then.
Use which ability? (? or * to list)
You can feel time thicken for a moment.
You feel somewhat more hungry. Prince Ribbit misses you.
Prince Ribbit hits you.
* * * LOW HITPOINT WARNING * * *
Unknown command.
Unknown command.
Use which ability? (? or * to list)
Okay, then.
You hit Prince Ribbit but do no damage.
Your kick passes through Prince Ribbit as he momentarily phases out.
You peck Prince Ribbit, but do no damage.
Prince Ribbit is almost dead.
Prince Ribbit hits you!
You die...

Action                   |  1- 3 |  4- 6 |  7- 9 || total
-------------------------+-------+-------+-------++-------
Melee: Unarmed           |    93 |   165 |   124 ||   382
Throw: Throwing net      |     1 |     2 |     1 ||     4
       Tomahawk          |       |     6 |       ||     6
Invok: Bend Time         |       |     1 |       ||     1
       Slouch            |       |       |     1 ||     1
 Abil: Fly               |       |       |     1 ||     1
Evoke: Wand              |       |       |     1 ||     1
  Use: Potion            |     2 |       |       ||     2
       Scroll            |       |     7 |     1 ||     8
 Stab: Sleeping          |     1 |       |     1 ||     2
       Held in net/web   |       |       |     1 ||     1
  Eat: Bread ration      |     1 |       |       ||     1
       Chunk             |     1 |       |       ||     1
       Meat ration       |       |       |     1 ||     1

Vault maps used:
D:1:      lightli_arrival_windingriver
D:2:      gammafunk_temple_overflow_elements, lemuel_tele_altar
D:3:      overflow_temple_1_default, uniq_jessica, uniq_iyjb, uniq_natasha,
          uniq_robin, uniq_terence
D:4:      due_unseen_surprise, uniq_grinder, uniq_pikel
D:5:      wad_lake_hut, first_bread, fedhas_altar_1, uniq_prince_ribbit1

Notes
Turn   | Place    | Note
--------------------------------------------------------------
     0 | D:1      | Bloax, the Tengu Monk, began the quest for the Orb.
     0 | D:1      | Reached XP level 1. HP: 14/14 MP: 1/1
   182 | D:1      | Reached XP level 2. HP: 12/19 MP: 3/3
   410 | D:1      | HP: 1/19 [gnoll/spear (5)]
   411 | D:1      | Reached XP level 3. HP: 1/23 MP: 4/4
   727 | D:2      | Found a shimmering altar of Xom.
   736 | D:2      | HP: 2/23 [gnoll/flail (13)]
  1032 | D:2      | Reached skill level 5 in Unarmed Combat
  1188 | D:2      | Found a radiant altar of Vehumet.
  1188 | D:2      | Found a snail-covered altar of Cheibriados.
  1191 | D:2      | Became a worshipper of Cheibriados the Contemplative
  1742 | D:2      | Reached XP level 4. HP: 27/29 MP: 5/5
  2060 | D:2      | Reached skill level 4 in Dodging
  2290 | D:3      | Noticed Ijyb
  2300 | D:3      | Killed Ijyb
  2300 | D:3      | Reached XP level 5. HP: 31/33 MP: 7/7
  2324 | D:3      | Found a deep blue altar of Sif Muna.
  2324 | D:3      | Noticed Natasha
  2335 | D:3      | Killed Natasha
  2440 | D:3      | Noticed Terence
  2453 | D:3      | Killed Terence
  2453 | D:3      | Acquired Cheibriados' first power
  2476 | D:3      | Noticed Jessica
  2484 | D:3      | Noticed Grangar's ghost (average DEFE)
  2489 | D:3      | Killed Jessica
  2489 | D:3      | Reached skill level 6 in Unarmed Combat
  2509 | D:3      | Killed Grangar's ghost
  2509 | D:3      | Reached skill level 5 in Dodging
  2509 | D:3      | Reached XP level 6. HP: 11/38 MP: 4/8
  2755 | D:3      | Noticed Natasha
  2759 | D:3      | Killed Natasha
  3028 | D:3      | Noticed Robin
  3044 | D:3      | Noticed Natasha
  3044 | D:3      | Killed Robin
  3046 | D:3      | Killed Natasha
  3048 | D:3      | Acquired Cheibriados' second power
  3178 | D:3      | Reached skill level 4 in Fighting
  3240 | D:4      | Noticed Grinder
  3249 | D:4      | Paralysed by Grinder for 2 turns
  3257 | D:4      | Killed Grinder
  3257 | D:4      | Reached skill level 6 in Dodging
  3257 | D:4      | Reached skill level 7 in Unarmed Combat
  3257 | D:4      | Reached skill level 1 in Invocations
  3257 | D:4      | Reached XP level 7. HP: 35/43 MP: 8/10
  3305 | D:4      | Reached skill level 2 in Invocations
  3484 | D:4      | Noticed Pikel
  3506 | D:4      | Killed Pikel
  3506 | D:4      | Reached skill level 7 in Dodging
  3506 | D:4      | Reached skill level 8 in Unarmed Combat
  3506 | D:4      | Reached skill level 3 in Invocations
  3506 | D:4      | Reached XP level 8. HP: 27/48 MP: 13/16
  3613 | D:4      | Acquired Cheibriados' third power
  3805 | D:4      | Reached skill level 4 in Invocations
  4369 | D:5      | Entered Level 5 of the Dungeon
  4430 | D:5      | Noticed Prince Ribbit
  4431 | D:5      | HP: 8/48 [Prince Ribbit (13)]
  4432 | D:5      | HP: 3/48 [Prince Ribbit (5)]
  4433 | D:5      | Slain by Prince Ribbit

Vanquished Creatures
  Pikel (D:4)
  Grinder (D:4)
  The ghost of Grangar the Firebug, an average DEFE (D:3)
  A slave (D:4)
  An ogre (D:4)
  A hound (D:4)
  Natasha (thrice) (D:3)
  An iguana (D:5)
  5 orc wizards (D:4)
  2 worker ants (D:4)
  Ijyb (D:3)
  Jessica (D:3)
  A hound skeleton (D:4)
  Terence (D:3)
  Robin (D:3)
  8 adders
  7 gnolls
  A white imp (D:3)
  2 giant mites
  A worm (D:2)
  2 adder skeletons
  3 giant geckos
  11 orcs
  8 bats
  2 bat skeletons (D:4)
  7 giant cockroaches
  11 hobgoblins
  9 jackals
  9 kobolds
  2 quokkas (D:4)
  A ball python (D:1)
  7 giant newts
  11 goblins
  10 rats
134 creatures vanquished.

Vanquished Creatures (others)
  A slave (D:4)
1 creature vanquished.

Grand Total: 135 creatures vanquished
